 Dungeon Crawl Stone Soup version 0.31-a0-1068-g5939ac1fb6 (webtiles) character file.

Game seed: 4015346150775110679

8 Chiseanne the Changeling (level 2, 21/21 HPs)
             Began as a Demonspawn Shapeshifter on Nov 24, 2023.
             Quit the game on level 1 of the Dungeon.
             The game lasted 00:01:38 (203 turns).

Chiseanne the Changeling (Demonspawn Shapeshifter)   Turns: 203, Time: 00:01:38

Health: 21/21      AC:  3    Str: 14    XL:     2   Next: 0%
Magic:  2/2        EV: 11    Int: 11    God:
Gold:   0          SH:  0    Dex: 12    Spells: 1/1 levels left

rFire   . .          .
                       - Unarmed
rCold   . . .        (no shield)
rNeg    . . .        d - +0 leather armour
rPois   .            (helmet currently unavailable)
rElec   .            (cloak currently unavailable)
rCorr   .            (gloves currently unavailable)
SInv    .            (boots currently unavailable)
Will    .....        (no amulet)
Stlth   +            (no ring)
HPRegen 0.23/turn    (no ring)
MPRegen 0.08/turn

%: no passive effects
@: beast-form
A: beast (slay +1), antennae 1
a: Begin Untransformation


You were on level 1 of the Dungeon.
You were a hulking beast.
You visited 1 branch of the dungeon, and saw 1 of its levels.

Inventory:

Armour
 d - a +0 leather armour (worn)
Talismans
 c - a beast talisman
Potions
 a - a potion of cancellation {unknown}
 b - a potion of lignification


   Skills:
 * Level 1.4 Fighting
 * Level 2.0 Dodging
 - Level 2.6 Unarmed Combat
 * Level 2.8 Shapeshifting


You had one spell level left.
You didn't know any spells.
Your spell library was empty.

Dungeon Overview and Level Annotations

Branches:
Dungeon (1/15)

Altars:


Innate Abilities, Weirdness & Mutations

You are a hulking beast.
Your limbs bulge with bestial killing power. (Slay +1)
You have a pair of small antennae on your head.


Message History

The bat barely misses you.
You closely miss the bat. The bat hits you.
The bat hits you but does no damage. The frilled lizard misses you.
You hit the bat.
The bat is heavily wounded.
The bat hits you but does no damage.
The frilled lizard bites you but does no damage.
You hit the frilled lizard.
The frilled lizard is heavily wounded.
The bat closely misses you. The bat hits you but does no damage.
The frilled lizard bites you but does no damage.
You miss the bat.
The bat is moderately wounded.
The bat hits you but does no damage. The frilled lizard misses you.
You hit the frilled lizard.
You kill the frilled lizard!
The bat hits you but does no damage.
Your Dodging skill increases to level 2!
You hit the bat.
You kill the bat!
You see here a bat corpse.
You open the door.
A hobgoblin comes into view.
The hobgoblin shouts!
You see here a frilled lizard corpse.
Found a scroll labelled EPILEU ADAPA.
The hobgoblin hits you but does no damage.
You closely miss the hobgoblin. The hobgoblin closely misses you.
You barely miss the hobgoblin. The hobgoblin misses you.
You hit the hobgoblin but do no damage.
The hobgoblin hits you but does no damage.
You hit the hobgoblin.
The hobgoblin is severely wounded.
The hobgoblin barely misses you.
You hit the hobgoblin.
You kill the hobgoblin!
You have reached level 2!
Your demonic ancestry asserts itself...
A pair of antennae grows on your head!
Are you sure you want to abandon this character and quit the game? (Confirm with "yes".)

#. ### #.
###.........##.##.. ..#.
............##.##.# #.#.
>...........##.##.# #.#.
............##.##.###.#.
?...........##.##.......
#...........##.##..##.#.
#.................#.#.
#...†h..†.†...........
+......#'####....##.##
###....#.# ###.......
#....#.# #..##...
#....... ....#....
#......# ###.#.###
#...#... ..#. #..##.##
##########
#####.........


There were no monsters in sight!

Vanquished Creatures
  A bat (D:1)
  An endoplasm (D:1)
  2 hobgoblins (D:1)
  A frilled lizard (D:1)
  2 kobolds (D:1)
  A rat (D:1)
8 creatures vanquished.

Notes
Turn   | Place    | Note
-------+----------+-------------------------------------------
     0 | D:1      | Chiseanne the Demonspawn Shapeshifter began the quest for
                  | the Orb.
     0 | D:1      | Reached XP level 1. HP: 15/15 MP: 1/1
   203 | D:1      | Gained mutation: You have a pair of small antennae on your
                  | head. [demonic ancestry]
   203 | D:1      | Reached XP level 2. HP: 21/21 MP: 2/2
   203 | D:1      | Quit the game

Illustrated notes

Levels and vault maps discovered:
D:1:      dpeg_arrival_oval, layout_basic,
          shapermc_ecumenical_altar_mp_ritualfount, minmay_rat_gold_closets

Skill      XL: |  1 |
---------------+----+-----
Dodging        | 2 |  2.0
Fighting       | |  1.4
Unarmed Combat | |  2.6
Shapeshifting  | |  2.8

Action                     || total
---------------------------++-------
  Melee: Unarmed           ||    23
    Use: Scroll            ||     1
 Armour: Leather armour    ||    10
         Animal skin       ||     3
  Dodge: Dodged            ||    14

Table legend: (Time is in decaauts)
 A = Elapsed time spent in this place.
 B = Non-inter-level travel time spent in this place.
 C = Inter-level travel time spent in this place.
 D = Time resting spent in this place.
 E = Time spent auto-exploring this place.
 F = Levels seen in this place.
 G = Mean time per level.
                   A        B        C        D        E       F      G
               +--------+--------+--------+--------+--------+-----+--------+
         Total |    202 |    202 |      0 |     43 |     93 |   1 |  202.0 |
       Dungeon |    202 |    202 |      0 |     43 |     93 |   1 |  202.0 |
               +--------+--------+--------+--------+--------+-----+--------+

Top non-repeatable levels by time:
     D:1: 202 daAuts
